AoeStats
← LendaBenda

Arabia

509619033Analyzed
1v1 RM · 4d ago on Sep 27, 2026· 44m 21s· 2 players
Game mode
Random Map
Map size
Tiny (2 player)
Population
200
Speed
Normal
Resources
Standard
Victory
Conquest
Starting age
Dark Age
Ending age
Imperial Age
RankedLock teamsTeams togetherTeam positionsShared explorationLock speedFull tech treeHidden civsTurbo modeCheats
Victory
Defeat
🇨🇿 Mongols · Czechia
1035
+17
🇪🇸 Burgundians · Spain
1061
-17
LendaBenda
9:35 Feudal Age
8:02 Loom
11:01 Double-Bit Axe
10:58 Horse Collar
18:27 Fletching
18:37 Padded Archer Armor
19:50 Wheelbarrow
23:13 Castle Age
23:33 Gold Mining
23:33 Stone Mining
23:29 Elite Skirmisher
25:07 Bow Saw
26:49 Bloodlines
27:54 Scale Barding Armor
28:02 Husbandry
28:45 Pikeman
29:25 Squires
31:32 Heavy Plow
32:09 Town Watch
32:30 Squires
33:35 Forging
33:29 Bodkin Arrow
33:36 Scale Mail Armor
36:47 Chain Mail Armor
40:04 Ballistics
42:40 Imperial Age
FLAKOSKY
6:11 Loom
9:22 Feudal Age
8:00 Double-Bit Axe
10:18 Gold Mining
14:59 Fletching
15:11 Stone Mining
22:34 Town Watch
23:25 Wheelbarrow
22:31 Horse Collar
25:28 Castle Age
24:24 Forging
24:29 Heavy Plow
24:42 Bow Saw
25:17 Gold Shaft Mining
26:30 Cavalier
27:11 Husbandry
28:52 Squires
29:34 Arson
30:24 Crossbowman
34:37 Scale Barding Armor
34:12 Pikeman
37:41 Burgundian Vineyards
38:17 Crop Rotation
39:26 Chain Barding Armor
44:10 Iron Casting
Connection lost

Rejoining the realm…

Still unreachable

The connection could not be restored.

Session expired

The server has moved on; the page needs a fresh start.